Map: Void Training Stage 3

Players

TheCoal

  • Race: Terran Terran

Player 2 - Winner!

  • Race: Protoss Protoss

VOD

Have the link to the VOD?

Description

Time

  • Played on: March 8, 2016, 12:02 p.m.
  • Length: 22:56
Show
View Real Time Build Order
Export as new Build Order

TheCoal Terran 

Build Orders:  

Get SALT Encoding   

  12  0:04  SCV  
  13  0:18  Supply Depot, SCV  
  14  0:30  SCV  
  15  0:39  Refinery  
  15  0:42  SCV  
  16  0:54  SCV  
  17  1:06  SCV  
  17  1:08  Barracks  
  18  1:18  SCV  
  19  1:26  Refinery  
  19  1:31  SCV  
  20  1:43  SCV  
  21  1:47  Barracks  
  21  1:55  SCV  
  21  1:56  Supply Depot  
  22  2:02  Supply Depot  
  22  2:07  SCV  
  23  2:19  SCV  
  24  2:31  SCV  
  25  2:43  Command Center, SCV  
  26  2:55  SCV  
  27  2:59  Marine  
  28  3:10  Barracks  
  28  3:17  Barracks, Marine  
  29  3:34  Marine  
  30  3:44  Refinery  
  30  3:49  Refinery  
  30  3:51  Barracks Tech Lab  
  30  3:52  Marine  
  31  4:14  Orbital Command  
  31  4:20  Marine x2  
  31  4:21  Marine x2  
  35  4:31  SCV  
  35  4:38  Marine x2  
  36  4:39  Marine x2  
  36  4:43  SCV  
  41  4:54  SCV  
  41  4:55  SCV  
  41  4:56  Marine x4  
  47  5:06  SCV  
  48  5:08  SCV  
  48  5:14  Marine x4  
  49  5:19  SCV  
  54  5:25  Barracks  
  54  5:41  SCV  
  54  5:43  SCV  
  54  5:45  Supply Depot  
  47  5:53  SCV  
  45  6:35  Reaper x2  
  45  6:36  Reaper x2  
  45  6:37  Barracks  
  49  7:05  Factory  
  49  7:07  Reaper  
  49  7:08  Reaper x3, Factory  
  53  7:28  Stimpack  
  53  7:39  Reaper  
  53  7:40  Reaper x3  
  53  7:43  Supply Depot  
  57  7:48  Supply Depot  
  57  7:51  Supply Depot  
  57  7:54  Supply Depot  
  57  8:06  Widow Mine x2  
  57  8:11  Barracks Reactor, Marine  
  57  8:12  Reaper x3, Barracks Reactor  
  65  8:29  Marine  
  66  8:35  Widow Mine x2  
  70  8:44  Marauder, Marine x2  
  70  8:47  Marine  
  75  9:01  Marine  
  75  9:02  Marine  
  77  9:03  Widow Mine x2  
  77  9:05  Marine x2  
  71  9:19  Marine x2  
  71  9:23  Marine x2  
  75  9:27  Marine x3  
  75  9:28  Marine  
  79  9:32  Widow Mine  
  79  9:34  Hellion  
  79  9:37  Marine x2  
  85  9:41  Reaper, Marine  
  89  9:45  Reaper x3  
  89  9:46  Reaper  
  91  9:55  Hellion, Reaper  
  94  10:15  Hellion  
  94  10:19  Reaper  
  94  10:21  Marauder  
  94  10:22  Widow Mine  
  87  10:35  Widow Mine  
  87  10:42  Marauder  
  91  10:45  Reaper x3  
  94  11:02  Armory  
  94  11:10  Supply Depot  
  94  11:13  Supply Depot  
  94  11:16  Supply Depot  
  94  11:17  Supply Depot  
  94  11:31  Reaper, Widow Mine x2, SCV  
  94  11:32  Marauder  
  102  11:35  Reaper  
  103  11:41  Supply Depot  
  103  11:43  SCV  
  104  11:51  Marine  
  104  11:52  Reaper x2  
  104  11:53  Reaper x2, Marauder  
  111  11:56  SCV  
  112  12:03  Reaper  
  112  12:08  SCV  
  114  12:14  Marauder  
  116  12:20  SCV  
  117  12:36  Marauder  
  119  12:39  Marine x3  
  119  12:41  Hellion x2  
  126  12:44  Marine  
  127  12:57  Marauder  
  129  13:02  Hellion, Hellbat  
  129  13:04  Engineering Bay  
  133  13:23  Barracks  
  133  13:31  Barracks  
  133  13:33  Marauder  
  133  13:36  Widow Mine  
  133  13:37  Barracks  
  133  13:41  Hellion  
  131  14:02  Hellion  
  131  14:05  Hellbat  
  133  14:35  Supply Depot  
  133  14:36  Supply Depot, Marine  
  133  14:37  Command Center  
  134  14:56  Widow Mine, Marine x2  
  134  14:57  Hellion, Reaper x2  
  134  14:58  Reaper x4, Marauder, Marine x2  
  150  15:32  Supply Depot  
  150  15:39  Supply Depot  
  150  15:46  Supply Depot  
  150  15:48  Widow Mine  
  150  15:49  Hellion, Reaper x5, Marauder, Marine x2  
  163  15:50  Supply Depot  
  163  16:07  Reaper  
  163  16:11  Hellion, Marauder  
  168  16:12  Refinery  
  168  16:13  Refinery, SCV  
  169  16:25  SCV  
  169  16:32  Marauder  
  172  16:38  SCV  
  172  16:39  Reaper  
  170  16:50  SCV  
  170  16:53  Marauder  
  131  17:02  SCV  
  125  17:11  Reaper  
  92  17:57  Marine x6  
  92  17:58  Marine x5  
  103  18:14  Marine x2  
  103  18:15  Marine  
  106  18:22  SCV  
  103  18:34  SCV  
  83  18:47  SCV  
  73  18:53  Marine x6  
  73  18:54  Marine  
  77  18:59  SCV  
  78  19:10  Marine  
  78  19:11  Reaper, Marine x3  
  78  19:12  Reaper x2  
  78  19:13  Barracks  
  85  19:18  Barracks  
  85  19:22  Barracks  
  85  19:29  Starport  
  85  19:44  Marauder  
  87  20:02  Terran Vehicle Weapons Level 1  
  87  20:05  Marauder  
  89  20:08  Medivac  
  91  20:20  Marine x4  
  91  20:21  Reaper x2, Marine  
  78  20:22  Reaper x4, Marine  
  78  20:23  Reaper  
  78  20:27  Marauder  
  70  20:38  Medivac, Reaper x2, Marine x2  
  70  20:40  Reaper, Marine  
  70  20:48  Marauder  
  53  21:08  Medivac  
  53  21:10  Marine x2  
  53  21:11  Marine x2  
  59  21:12  Reaper x2, Marine x2  
  59  21:13  Reaper x2, Marine  
  62  21:18  Widow Mine  
  62  21:19  Widow Mine  
  65  21:28  Reaper, Marine  
  65  21:29  Reaper x2  
  65  21:30  Marine x2  
  64  21:38  Medivac  
  63  21:44  Marine x2  
  62  21:47  Widow Mine  
  57  22:00  Reaper x3, Marine x2  
  57  22:01  Reaper x2  
  66  22:02  Reaper x2  
  63  22:08  Medivac  
  64  22:18  Reaper  
Show
View Real Time Build Order
Export as new Build Order

Player 2 Protoss - Winner!

Build Orders:  

Get SALT Encoding   

  12  0:01  Probe (Chrono Boost)  
  13  0:11  Probe (Chrono Boost)  
  14  0:22  Probe (Chrono Boost), Pylon  
  15  0:40  Probe (Chrono Boost)  
  16  0:48  Assimilator  
  16  0:50  Probe (Chrono Boost)  
  16  0:51  Gateway  
  17  1:01  Probe (Chrono Boost), Pylon  
  18  1:31  Gateway  
  18  1:35  Assimilator  
  18  1:38  Zealot  
  18  1:40  Cybernetics Core  
  20  2:03  Zealot  
  20  2:07  Warp Gate  
  20  2:08  Pylon  
  22  2:18  Zealot  
  24  2:28  Stalker  
  24  2:36  Probe (Chrono Boost)  
  27  2:45  Stalker  
  27  2:47  Probe (Chrono Boost)  
  30  2:54  Pylon  
  31  2:58  Adept, Probe (Chrono Boost)  
  33  3:10  Probe (Chrono Boost), Forge  
  34  3:21  Probe (Chrono Boost)  
  35  3:33  Probe (Chrono Boost)  
  36  4:55  Sentry  
  36  4:56  Probe (Chrono Boost)  
  36  4:57  Photon Cannon  
  36  4:58  Photon Cannon  
  39  5:00  Pylon  
  39  5:03  Robotics Facility  
  39  5:05  Stargate  
  39  5:08  Twilight Council  
  39  5:09  Stalker  
  39  5:12  Gateway  
  41  5:15  Nexus  
  41  5:22  Stalker  
  41  5:27  Probe (Chrono Boost)  
  44  5:36  Sentry  
  44  5:41  Pylon  
  42  5:50  Sentry, Observer  
  37  6:03  Adept  
  39  6:10  Observer  
  39  6:17  Zealot  
  42  6:26  Forge  
  42  6:29  Probe (Chrono Boost)  
  42  6:30  Stalker  
  42  6:32  Probe (Chrono Boost)  
  47  6:40  Probe (Chrono Boost)  
  47  6:43  Probe (Chrono Boost)  
  47  6:44  Zealot  
  50  6:49  Pylon  
  50  6:52  Probe (Chrono Boost)  
  51  6:54  Probe (Chrono Boost)  
  51  6:57  Stalker  
  51  6:58  Pylon  
  53  7:03  Probe (Chrono Boost)  
  53  7:05  Probe (Chrono Boost)  
  55  7:11  Adept  
  55  7:14  Probe (Chrono Boost)  
  59  7:16  Probe (Chrono Boost)  
  59  7:20  Photon Cannon  
  59  7:22  Photon Cannon  
  59  7:26  Probe x2 (Chrono Boost)  
  61  7:36  Probe (Chrono Boost)  
  62  7:37  Probe (Chrono Boost)  
  63  7:47  Probe (Chrono Boost)  
  63  7:48  Probe (Chrono Boost)  
  65  7:57  Probe (Chrono Boost)  
  66  7:59  Probe (Chrono Boost)  
  67  8:12  Assimilator  
  67  8:18  Assimilator  
  67  8:40  Probe (Chrono Boost)  
  68  8:43  Probe (Chrono Boost)  
  69  9:26  Protoss Ground Weapons Level 1  
  69  9:28  Protoss Ground Armor Level 1  
  69  9:31  Immortal  
  69  9:38  Gateway  
  73  9:41  Robotics Facility  
  73  9:42  Nexus, Zealot  
  73  9:44  Stargate  
  75  9:46  Pylon  
  75  9:50  Dark Shrine  
  75  9:53  Templar Archives  
  75  9:54  Robotics Bay  
  75  10:09  Observer  
  74  10:22  Zealot  
  74  10:26  Warp Prism  
  70  10:29  Warp Prism  
  70  10:30  Adept  
  62  10:39  Zealot  
  62  10:40  Observer Gravitic Boosters  
  64  10:47  Stalker  
  66  10:56  Sentry, Probe (Chrono Boost)  
  69  10:59  Probe (Chrono Boost)  
  69  11:02  Probe (Chrono Boost)  
  71  11:04  Stalker  
  71  11:07  Assimilator  
  71  11:08  Probe (Chrono Boost), Assimilator  
  75  11:11  Probe (Chrono Boost)  
  75  11:13  Probe (Chrono Boost), Stalker  
  78  11:18  Immortal  
  78  11:20  Probe (Chrono Boost)  
  78  11:22  Probe (Chrono Boost)  
  78  11:24  Probe (Chrono Boost)  
  85  11:30  Gravitic Drive  
  85  12:47  Protoss Ground Weapons Level 2  
  85  12:49  Protoss Ground Armor Level 2  
  85  12:53  Protoss Air Weapons Level 1  
  85  12:57  Zealot  
  87  13:02  Zealot  
  89  13:07  Stalker  
  89  13:09  Blink  
  89  13:12  Stalker  
  93  13:17  Stalker  
  95  13:22  Sentry  
  97  13:35  Adept  
  97  13:40  Zealot  
  93  13:45  Stalker  
  79  13:50  Stalker  
  81  13:55  Stalker  
  81  13:58  Immortal  
  87  14:05  Zealot  
  89  14:10  Immortal  
  89  14:15  Sentry  
  95  14:20  Zealot  
  97  14:32  Nexus  
  97  14:33  Protoss Air Armor Level 1  
  97  14:49  Protoss Ground Weapons Level 3, Protoss Shields Level 1  
  97  15:58  Assimilator  
  97  16:00  Pylon  
  97  16:02  Pylon  
  97  16:03  Assimilator  
  97  16:17  Adept  
  99  16:23  Adept  
  99  16:25  Photon Cannon  
  101  16:27  Photon Cannon  
  101  16:28  Adept  
  103  16:33  Protoss Ground Armor Level 3, Adept  
  103  16:38  Adept  
  103  16:56  Stalker  
  89  17:01  Stalker  
  89  17:06  Stalker  
  77  17:11  Stalker  
  77  17:15  Protoss Shields Level 2  
  79  17:17  Adept  
  79  17:19  Immortal  
  85  17:27  Zealot  
  83  17:31  Immortal  
  81  17:37  Sentry  
  81  17:42  Zealot  
  77  17:47  Pylon, Zealot  
  77  17:49  Pylon  
  78  17:52  Stalker  
  78  17:54  Probe (Chrono Boost)  
  78  17:57  Adept  
  78  17:58  Probe (Chrono Boost)  
  76  18:01  Probe (Chrono Boost)  
  76  18:02  Sentry  
  76  18:05  Probe (Chrono Boost)  
  80  18:07  Zealot  
  80  18:09  Probe (Chrono Boost)  
  84  18:13  Probe (Chrono Boost), Void Ray  
  84  18:17  Probe (Chrono Boost)  
  84  18:19  Adept  
  91  18:21  Probe (Chrono Boost)  
  91  18:24  Adept, Probe (Chrono Boost)  
  91  18:26  Photon Cannon  
  95  18:30  Sentry  
  91  18:35  Adept  
  91  18:40  Stalker  
  87  18:45  Zealot  
  87  18:51  Zealot  
  89  18:56  Stalker  
  89  19:00  Immortal  
  95  19:04  Nexus  
  95  19:07  Adept  
  97  19:12  Adept  
  97  19:16  Assimilator  
  99  19:17  Stalker  
  99  19:18  Protoss Shields Level 3  
  99  19:22  Stalker  
  103  19:26  Nexus, Assimilator  
  103  19:41  High Templar  
  105  19:46  Void Ray  
  109  19:57  High Templar  
  111  20:06  High Templar, Archon  
  113  20:14  High Templar  
  115  20:23  High Templar, Archon  
  117  20:31  High Templar, Photon Cannon  
  117  20:34  Void Ray  
  119  20:40  High Templar, Archon  
  121  20:48  High Templar  
  123  20:51  Assimilator  
  123  20:55  Pylon  
  123  20:57  High Templar, Archon  
  123  20:58  Assimilator  
  125  21:04  Pylon  
  125  21:05  High Templar  
  127  21:25  Photon Cannon  
  127  21:28  Photon Cannon  
Tags
 
Add a new tag
Caveats
  • Supply blocks, unpowered buildings, or Contaminate may cause inaccurate times.
  • Supply counts are checked every 10 seconds.